 Dungeon Crawl Stone Soup version 0.27-a0-1365-ge71e8f7681 (webtiles) character file.

Game seed: 7346706543138765587

211 Conn the Firebug (level 5, -5/32 HPs)
             Began as an Octopode Fire Elementalist on June 28, 2021.
             Was an Initiate of Sif Muna.
             Slain by a lemure (9 damage)
             ... led by Pikel
             ... on level 5 of the Dungeon.
             The game lasted 00:08:51 (4909 turns).

Conn the Firebug (Octopode Fire Elementalist)       Turns: 4909, Time: 00:08:52

Health: -5/32      AC:  1    Str:  8    XL:     5   Next: 88%
Magic:  6/10       EV: 13    Int: 18    God:    Sif Muna [......]
Gold:   107        SH:  0    Dex: 12    Spells: 3/10 levels left

rFire    + . .     SeeInvis .   n - staff of fire
rCold    . . .     Faith    .   (no shield)
rNeg     . . .     Spirit   .   (helmet restricted)
rPois    .         Reflect  .   (no amulet)
rElec    .         Harm     .   (no ring)
rCorr    .         Rampage  .   (no ring)
Will     .....                  (no ring)
Stlth    +++.......             (no ring)
HPRegen  0.10/turn              (no ring)
MPRegen  0.12/turn              (no ring)
                                (no ring)
                                (no ring)

@: brilliant
A: almost no armour, amphibious, 8 rings, camouflage 1, gelatinous body 1,
(nimble swimmer 1), tentacles
a: Renounce Religion


You were on level 5 of the Dungeon.
You worshipped Sif Muna.
Sif Muna was noncommittal.
You visited 1 branch of the dungeon, and saw 5 of its levels.

You collected 107 gold pieces.

Inventory:

Hand Weapons
 a - a +0 short sword
 i - a +2 quarterstaff of chaos
Missiles
 k - 36 poisoned darts
Magical Staves
 n - a staff of fire (weapon)
Wands
 r - a wand of flame (16)
Scrolls
 c - 3 scrolls of identify {unknown}
 d - a scroll of amnesia {unknown}
 e - a scroll of enchant armour {unknown}
 g - a scroll of immolation {unknown}
 p - a scroll of vulnerability {unknown}
 q - a scroll of fear {unknown}
Potions
 b - 3 potions of brilliance
 f - a potion of might
 h - a potion of degeneration {unknown}
 j - a potion of resistance {unknown}
 l - 3 potions of haste {unknown}
 m - a potion of magic {unknown}
 o - 2 potions of attraction {unknown}


   Skills:
 + Level 0.6 Fighting
 + Level 0.7 Short Blades
 + Level 2.3 Dodging
 + Level 3.4 Stealth
 * Level 3.3 Spellcasting
 * Level 2.7 Conjurations
 * Level 4.1 Fire Magic


You had 3 spell levels left.
You knew the following spells:

 Your Spells              Type           Power      Damage    Failure   Level
a - Foxfire               Conj/Fire      100%       2x1d9     3%          1
b - Conjure Flame         Conj/Fire      34%        6-21      12%         3
c - Inner Flame           Hex/Fire       23%        N/A       21%         3

Your spell library contained the following spells:

 Spells                   Type           Power      Damage    Failure   Level
 Sandblast                Erth           8%         2d5       16%         1
 Passwall                 Tmut/Erth      3%         N/A       24%         2
 Stone Arrow              Conj/Erth      22%        3d8       26%         3
 Sticky Flame             Conj/Fire      34%        2d5       36%         4
 Fireball                 Conj/Fire      17%        3d9       71%         5
 Petrify                  Tmut/Erth      4%         N/A       83%         4
 Lee's Rapid Deconstruct  Erth           2%         3d5*      99%         5


Dungeon Overview and Level Annotations

Branches:
Dungeon (5/15)             Temple (0/1) D:4

Altars:
Ashenzari
Cheibriados
Gozag
Nemelex Xobeh
Sif Muna
Zin
The Shining One


Innate Abilities, Weirdness & Mutations

You cannot wear most types of armour.
You are amphibious.
You can wear up to eight rings at the same time.
Your skin changes colour to match your surroundings (Stealth+).
Your rubbery body absorbs attacks. (AC +1, EV +1)
((You are camouflaged near water. (Stealth+)))
You have tentacles for arms and can constrict up to eight enemies at once.


Message History

The foxfire hits the lemure.
The lemure is lightly wounded.
The foxfire hits the lemure.
The lemure is moderately wounded.
Casting: Foxfire (safe; 3% risk of failure)
Confirm with . or Enter, or press ? or * to list all spells.
You feel a surge of power!
You conjure some foxfire!
The foxfire hits the lemure.
The lemure is heavily wounded.
The foxfire hits the lemure.
The lemure is severely wounded.
You hit the lemure but do no damage. Your grab misses the lemure.
The lemure is severely wounded.
The lemure closely misses you. The lemure misses you. The lemure hits you.
The lemure hits you!
You barely miss the lemure. Your grab misses the lemure.
You squeeze the lemure, but do no damage.
The lemure hits you.
You hit the lemure but do no damage. You grab the lemure.
You constrict the lemure. The lemure hits you!
You hit the lemure but do no damage.
The lemure is lightly wounded.
You constrict the lemure. The lemure hits you. The lemure hits you!
* * * LOW HITPOINT WARNING * * *
Unknown command.
You release your grip on the lemure.
There is an open door here.
You see here a +0 flail.
Items here: )) [[ รทรท.
There is an open door here.
There is a stone staircase leading down here.
Okay, then.
Okay, then.
The lemure misses you.
You climb downwards.
There is a stone staircase leading up here.
It was a potion of brilliance.
You feel clever all of a sudden. The lemure hits you!
You die...

###
#@#
#5#
#.#
#.#
#.#
#..
..#
#..


You could see a lemure.

Vanquished Creatures
  A lemure (D:4)
  Crazy Yiuf (D:2)
  Jessica (D:2)
  An orc wizard (D:4)
  2 adders
  2 worms
  3 dart slugs (D:2)
  9 orcs
  7 endoplasms
  5 giant cockroaches
  13 goblins
  7 hobgoblins
  7 jackals
  7 kobolds
  2 quokkas
  4 ball pythons
  5 bats
  6 frilled lizards
  6 rats
89 creatures vanquished.

Vanquished Creatures (others)
  246 foxfires
246 creatures vanquished.

Grand Total: 335 creatures vanquished

Notes
Turn   | Place    | Note
-------+----------+-------------------------------------------
     0 | D:1      | Conn the Octopode Fire Elementalist began the quest for the
                  | Orb.
     0 | D:1      | Reached XP level 1. HP: 11/11 MP: 3/3
   171 | D:1      | Reached XP level 2. HP: 7/17 MP: 1/5
  1334 | D:1      | Reached XP level 3. HP: 16/21 MP: 3/6
  2004 | D:2      | Found a runed translucent door.
  2005 | D:2      | Noticed Crazy Yiuf
  2012 | D:2      | Learned a level 3 spell: Conjure Flame
  2050 | D:2      | Killed Crazy Yiuf
  2051 | D:2      | Reached XP level 4. HP: 27/27 MP: 1/7
  3111 | D:2      | Noticed Jessica
  3120 | D:2      | Killed Jessica
  3121 | D:2      | Reached XP level 5. HP: 27/32 MP: 5/9
  3470 | D:3      | Found a broken altar of Ashenzari.
  3470 | D:3      | Found a sparkling altar of Nemelex Xobeh.
  3473 | D:3      | Found a glowing silver altar of Zin.
  3498 | D:3      | Found a glowing golden altar of the Shining One.
  3559 | D:3      | Found a snail-covered altar of Cheibriados.
  3584 | D:3      | Reached skill level 4 in Fire Magic
  4031 | D:3      | Found an opulent altar of Gozag.
  4268 | D:3      | Found a shimmering blue altar of Sif Muna.
  4273 | D:3      | Became a worshipper of Sif Muna the Loreminder
  4583 | D:4      | Found a staircase to the Ecumenical Temple.
  4669 | D:4      | Learned a level 3 spell: Inner Flame
  4856 | D:4      | Noticed a lemure
  4857 | D:4      | Noticed a lemure
  4857 | D:4      | Noticed a lemure
  4869 | D:4      | Killed a lemure
  4908 | D:5      | Entered Level 5 of the Dungeon
  4909 | D:5      | Slain by a lemure

Illustrated notes

Levels and vault maps discovered:
D:1:      tarquinn_simple_flora_water_a, layout_basic, minmay_small_reverse_x
D:2:      layout_loops_corners, uniq_crazy_yiuf_cottage, uniq_jessica
D:3:      layout_rooms, nicolae_overflow_hidden_temple,
          nicolae_overflow_crystal_walls, marbit_many_paths
D:4:      layout_basic, minmay_temple_entry_overgrown, corexii_shack,
          uniq_eustachio, uniq_pikel, uniq_natasha
D:5:      layout_basic, serial_shops, shop, kennysheep_generic_room_7,
          uniq_blork_the_orc, uniq_menkaure, uniq_ijyb, uniq_prince_ribbit1

Skill      XL: |  1  2  3  4  5 |
---------------+----------------+-----
Stealth        | 3 |  3.4
Conjurations   | 2 |  2.7
Spellcasting   | 3 |  3.3
Fire Magic     | 4 |  4.1
Fighting       | |  0.6
Short Blades   | |  0.7
Dodging        | |  2.3

Action                   |  1- 3 |  4- 6 || total
-------------------------+-------+-------++-------
Melee: Short sword       |    22 |    21 ||    43
       Constrict         |     5 |    10 ||    15
       Tentacles         |     1 |     9 ||    10
       Staff             |       |    16 ||    16
 Cast: Foxfire           |    54 |    94 ||   148
       Conjure Flame     |     1 |     2 ||     3
  Use: Potion            |     1 |     1 ||     2
 Stab: Sleeping          |     3 |     5 ||     8
Armor: Skin              |     6 |     2 ||     8
Dodge: Dodged            |    26 |    47 ||    73

Table legend: (Time is in decaauts)
 A = Elapsed time spent in this place.
 B = Non-inter-level travel time spent in this place.
 C = Inter-level travel time spent in this place.
 D = Time resting spent in this place.
 E = Time spent auto-exploring this place.
 F = Levels seen in this place.
 G = Mean time per level.
                   A        B        C        D        E       F      G
               +--------+--------+--------+--------+--------+-----+--------+
         Total |   4913 |   4813 |    100 |    291 |   3463 |   5 |  982.6 |
       Dungeon |   4913 |   4813 |    100 |    291 |   3463 |   5 |  982.6 |
               +--------+--------+--------+--------+--------+-----+--------+

Top non-repeatable levels by time:
     D:1: 1797 daAuts
     D:2: 1652 daAuts
     D:3: 946 daAuts
     D:4: 517 daAuts
     D:5: 0 daAuts
